 Dungeon Crawl Stone Soup version 0.30-a0-341-g682706514a (webtiles) character file.

Game seed: 17700127280879314656

8421 experimilk the Destroyer (level 11, -2/79 HPs)
             Began as a Green Draconian Conjurer on Nov 1, 2022.
             Was a Believer of Fedhas.
             Slain by a human
             ... wielding a +0 long sword
              (13 damage)
             ... on level 9 of the Dungeon.
             The game lasted 00:43:22 (15125 turns).

experimilk the Destroyer (DrCj)                    Turns: 15125, Time: 00:43:22

Health: -2/79      AC:  8    Str: 10    XL:     11   Next: 9%
Magic:  3/18       EV: 11    Int: 23    God:    Fedhas [**....]
Gold:   524        SH:  6    Dex:  9    Spells: 4/20 levels left

rFire   . . .      SeeInvis .    u - +0 rapier
rCold   . . .      Faith    .    i - +3 buckler
rNeg    + . .      Spirit   .    (body armour unavailable)
rPois   +          Reflect  .    x - +1 hat
rElec   .          Harm     .    (no cloak)
rCorr   +          Rampage  .    (no gloves)
Will    .....                    (no boots)
Stlth   ++........               w - amulet of the acrobat
HPRegen 0.33/turn                z - ring of resist corrosion
MPRegen 0.16/turn                e - ring of positive energy

@: no status effects
A: breathe noxious fumes, AC +7, unfitting armour, poison resistance,
cold-blooded
a: Breathe Noxious Fumes, Renounce Religion, Wall of Briars


You were on level 9 of the Dungeon.
You worshipped Fedhas.
Fedhas was pleased with you.
You visited 1 branch of the dungeon, and saw 9 of its levels.
You also visited: Sewer.

You collected 572 gold pieces.
You spent 48 gold pieces at shops.

Inventory:

Hand Weapons
 g - a +0 short sword of freezing
 u - a +0 rapier (weapon)
Missiles
 o - a throwing net
Armour
 i - a +3 buckler (worn)
 x - a +1 hat (worn)
Magical Staves
 l - a staff of fire
Jewellery
 e - a ring of positive energy (right hand)
 n - a ring of wizardry
 w - an amulet of the acrobat (around neck)
 z - a ring of resist corrosion (left hand)
Wands
 f - a wand of flame (27)
 j - a wand of charming (12)
Scrolls
 c - 4 scrolls of identify
 d - a scroll of fog
 h - a scroll of enchant armour
 r - a scroll of enchant weapon
 t - a scroll of amnesia
 y - a scroll of immolation {unknown}
Potions
 b - a potion of cancellation {unknown}
 k - 2 potions of brilliance
 m - a potion of flight
 p - 3 potions of mutation
 q - 2 potions of berserk rage {unknown}
 A - a potion of attraction {unknown}


   Skills:
 - Level 2.0 Fighting
 - Level 1.7 Dodging
 - Level 1.7 Stealth
 - Level 2.0 Shields
 + Level 5.2 Spellcasting
 * Level 13.7 Conjurations
 - Level 2.0 Hexes
 - Level 10.0 Poison Magic
 + Level 2.6 Invocations


You had 4 spell levels left.
You knew the following spells:

 Your Spells              Type           Power      Damage    Failure   Level
a - Poisonous Vapours     Pois/Air       58%        N/A       2%          2
b - Magic Dart            Conj           100%       1d8       1%          1
c - Iskenderun's Mystic   Conj/Tloc      37%        2d9       7%          4
s - Olgreb's Toxic Radia  Pois           51%        N/A       1%          4
x - Dazzling Flash        Conj/Hex       84%        N/A       1%          3
z - Searing Ray           Conj           100%       2d8       1%          2

Your spell library contained the following spells:

 Spells                   Type           Power      Damage    Failure   Level
 Foxfire                  Conj/Fire      100%       2x1d9     1%          1
 Sting                    Tmut/Pois      100%       1d8       1%          1
 Mephitic Cloud           Conj/Pois/Air  42%        N/A       1%          3
 Hailstorm                Conj/Ice       37%        3d9       2%          3
 Fulminant Prism          Conj/Hex       21%        3d12      4%          4
 Flame Wave               Conj/Fire      37%        2d10      7%          4
 Sticky Flame             Conj/Fire      37%        2d6       7%          4
 Freeze                   Ice            24%        1d4       12%         1
 Call Imp                 Summ           6%         N/A       19%         2
 Inner Flame              Hex/Fire       10%        N/A       24%         3
 Frozen Ramparts          Ice            12%        1d2       36%         3
 Summon Lightning Spire   Summ/Air       6%         N/A       77%         4
 Fireball                 Conj/Fire      18%        3d9       21%         5
 Starburst                Conj/Fire      18%        6d7       73%         6
 Storm Form               Tmut/Air       3%         N/A       100%        7
 Maxwell's Capacitive Co  Air            3%         ∞         100%        8


Dungeon Overview and Level Annotations

Branches:
Dungeon (9/15)             Temple (0/1) D:6           Sewer (visited)
   Lair: D:8-11         Orc: D:9-12

Altars:
Dithmenos
Fedhas
Nemelex Xobeh
Ru
Wu Jian

Shops:
D:5 [   D:8 *


Innate Abilities, Weirdness & Mutations

You can breathe blasts of noxious fumes.
Your lurid green scales are hard. (AC +7)
You cannot fit into any form of body armour.
Your system is resistant to poisons. (rPois)
You are cold-blooded and may be slowed by cold attacks.


Message History

Unknown command.
You hit the human but do no damage.
The human is almost dead.
The human hits you with a +0 long sword.
* * * LOW HITPOINT WARNING * * *
Unknown command.
You barely miss the human.
The human is almost dead.
The human hits you with a +0 long sword.
* * * LOW HITPOINT WARNING * * *
Unknown command.
You hit the human but do no damage.
Your tail-slap misses the human.
The human is almost dead.
You block the human's attack.
Unknown command.
You hit the human but do no damage.
The human is almost dead.
The human looks more healthy.
The human barely misses you. The human hits you but does no damage.
Unknown command.
You barely miss the human.
Your tail-slap misses the human.
The human is almost dead.
The human hits you with a +0 long sword.
* * * LOW HITPOINT WARNING * * *
You feel better.
The human hits you with a +0 long sword!
* * * LOW HITPOINT WARNING * * *
You barely miss the human.
The human is almost dead.
The human closely misses you.
Casting: Magic Dart (safe; 1% risk of failure)
Confirm with . or Enter, or press ? or * to list all spells.
You don't have enough magic to cast this spell.
Unknown command.
You barely miss the human.
You tail-slap the human, but do no damage.
The human is almost dead.
The human hits you with a +0 long sword!
You die...
Fedhas appreciates your contribution to the ecosystem.

..?..........#
.............#
.............#
.............#
.............#
.............#
........p....#
......[.@....#
.............#
#...........$#
............)#
.............#
##############


You could see a human.

Vanquished Creatures
  A two-headed ogre (D:9)
  Pikel (D:5)
  Maurice (D:8)
  An orange demon (D:8)
  A troll (D:8)
  Prince Ribbit (D:8)
  Grinder (D:3)
  Sigmund (D:5)
  4 yaks
  Eustachio (D:4)
  A human (D:9)
  A steam dragon (D:8)
  Menkaure (D:4)
  3 water moccasins
  Duvessa (D:6)
  2 sky beasts (D:7)
  2 ice beasts (D:5)
  A black bear (D:5)
  2 ogres
  3 centaurs
  3 phantoms
  3 lemures (D:5)
  Blork the orc (D:5)
  5 kobold brigands
  6 bullfrogs
  A gnoll sergeant (D:8)
  3 necrophages
  5 scorpions
  Dowan (D:6)
  6 killer bees (D:5)
  A howler monkey (D:5)
  4 jellies
  4 hounds
  An orc priest (D:6)
  A gnoll bouda (D:8)
  Jessica (D:2)
  5 iguanas
  8 orc wizards
  8 gnolls
  20 adders
  2 river rats (Sewer)
  3 shadow imps
  A white imp (D:5)
  An ufetubus (D:6)
  A worm (D:5)
  A dart slug (D:3)
  15 orcs
  6 ball pythons
  8 endoplasms
  2 giant cockroaches
  7 goblins
  12 hobgoblins
  6 jackals
  16 kobolds
  4 quokkas
  5 bats
  6 frilled lizards
  8 rats
221 creatures vanquished.

Vanquished Creatures (collateral kills)
  Amaemon (D:8)
  A bullfrog (D:8)
2 creatures vanquished.

Vanquished Creatures (others)
  An orc wizard (D:7)
  16 plants (Sewer)
17 creatures vanquished.

Grand Total: 240 creatures vanquished

Notes
Turn   | Place    | Note
-------+----------+-------------------------------------------
     0 | D:1      | experimilk the Draconian Conjurer began the quest for the
                  | Orb.
     0 | D:1      | Reached XP level 1. HP: 14/14 MP: 3/3
   279 | D:1      | Reached XP level 2. HP: 20/20 MP: 1/5
   282 | D:1      | Learned a level 2 spell: Searing Ray
  1175 | D:2      | Noticed Jessica
  1181 | D:2      | Killed Jessica
  1182 | D:2      | Reached skill level 5 in Conjurations
  1182 | D:2      | Reached XP level 3. HP: 20/26 MP: 3/6
  1276 | D:2      | Learned a level 3 spell: Dazzling Flash
  1511 | D:2      | Reached XP level 4. HP: 26/33 MP: 3/7
  2411 | D:3      | Noticed Grinder
  2529 | D:3      | Noticed a scorpion
  2534 | D:3      | Killed a scorpion
  2535 | D:3      | Reached skill level 6 in Conjurations
  2535 | D:3      | Reached skill level 1 in Hexes
  2535 | D:3      | Reached XP level 5. HP: 38/38 MP: 0/8
  3075 | D:3      | Killed Grinder
  3076 | D:3      | Reached skill level 7 in Conjurations
  3076 | D:3      | Reached XP level 6. HP: 45/45 MP: 1/9
  3581 | D:4      | Reached skill level 8 in Conjurations
  3581 | D:4      | Your scales start taking on a lurid green colour.
  3581 | D:4      | Reached XP level 7. HP: 49/50 MP: 4/10
  3581 | D:4      | Gained mutation: Your system is resistant to poisons.
                  | (rPois) [Green Draconian growth]
  3627 | D:4      | Noticed Menkaure
  3632 | D:4      | Killed Menkaure
  3764 | D:4      | Reached skill level 9 in Conjurations
  3769 | D:4      | Noticed Eustachio
  3941 | D:4      | Found a glowing drain.
  3968 | Sewer    | Entered a sewer
  4161 | Sewer    | Learned a level 4 spell: Iskenderun's Mystic Blast
  4490 | Sewer    | Reached skill level 10 in Conjurations
  4490 | Sewer    | Reached XP level 8. HP: 57/57 MP: 3/11
  4849 | Sewer    | Reached skill level 1 in Fighting
  5752 | D:4      | Killed Eustachio
  6185 | D:5      | Entered Level 5 of the Dungeon
  6306 | D:5      | Reached skill level 11 in Conjurations
  6742 | D:5      | Reached XP level 9. HP: 67/67 MP: 7/15
  7056 | D:5      | Found Usuinnio's Armour Shop.
  7062 | D:5      | Bought a +0 hat for 48 gold pieces
  7106 | D:5      | Reached skill level 12 in Conjurations
  7109 | D:5      | Learned a level 2 spell: Poisonous Vapours
  7227 | D:5      | Noticed Sigmund
  7233 | D:5      | Killed Sigmund
  7234 | D:5      | Reached skill level 1 in Poison Magic
  7279 | D:5      | Found an ornate altar of the Wu Jian Council.
  7398 | D:5      | Reached skill level 1 in Shields
  7512 | D:5      | Noticed Blork the orc
  7778 | D:5      | Noticed Pikel
  7802 | D:5      | Killed Pikel
  7803 | D:5      | Reached skill level 5 in Poison Magic
  7873 | D:5      | Learned a level 4 spell: Olgreb's Toxic Radiance
  8367 | D:5      | Killed Blork the orc
  8370 | D:5      | Upgraded the game from 0.30-a0-339-g89bb51ec76 to
                  | 0.30-a0-341-g682706514a
  8453 | D:6      | Found a shadowy altar of Dithmenos.
  8455 | D:6      | Found a blossoming altar of Fedhas.
  8563 | D:6      | Became a worshipper of Fedhas Madash
  8580 | D:6      | Reached XP level 10. HP: 61/73 MP: 1/16
  8584 | D:6      | Noticed Dowan
  8603 | D:6      | Killed Dowan
  8721 | D:6      | Found a staircase to the Ecumenical Temple.
  8744 | D:6      | Noticed Duvessa
  9197 | D:6      | Killed Duvessa
 10556 | D:7      | Reached * piety under Fedhas
 11578 | D:8      | Noticed an orange demon
 11586 | D:8      | Noticed Amaemon
 11597 | D:8      | Killed an orange demon
 11737 | D:8      | Reached skill level 13 in Conjurations
 11958 | D:8      | Killed Amaemon
 12750 | D:8      | Found Gyghia Kuink's Lightly-Used Armoury.
 12821 | D:8      | Noticed Prince Ribbit
 13185 | D:8      | Found a sacrificial altar of Ru.
 13252 | D:8      | Noticed Maurice
 13275 | D:8      | Killed Maurice
 13276 | D:8      | Reached skill level 1 in Invocations
 13540 | D:8      | Killed Prince Ribbit
 13953 | D:8      | Found a sparkling altar of Nemelex Xobeh.
 14064 | D:9      | Noticed a two-headed ogre
 14084 | D:9      | Killed a two-headed ogre
 14085 | D:9      | Reached skill level 5 in Spellcasting
 14405 | D:8      | Reached XP level 11. HP: 52/79 MP: 0/18
 14561 | D:9      | Reached skill level 10 in Poison Magic
 14895 | D:9      | Reached ** piety under Fedhas
 15125 | D:9      | Slain by a human

Illustrated notes

Levels and vault maps discovered:
D:1:      roderic_crossed_star, layout_basic
D:2:      layout_rooms, minmay_diced_spiral, uniq_jessica
D:3:      layout_loops_ring, uniq_grinder
D:4:      layout_rooms, gup_sewer_entry_glass,
          eino_small_chamber_without_monster, uniq_eustachio, uniq_menkaure
D:5:      minmay_bubble_buster, layout_cave_pods, mainiacjoe_overflow_catwalk,
          serial_shops, nicolae_shop_trees, uniq_sigmund, uniq_blork_the_orc,
          uniq_pikel
D:6:      layout_basic, chequers_temple_overflow_statue_of_worship,
          minmay_temple_entry_water_ring, uniq_duvessa
D:7:      layout_basic, minmay_a_box_with_orc_wizards_in_it
D:8:      layout_basic, kennysheep_mini, nicolae_ru_path_of_blood,
          minmay_shop_damaged, uniq_amaemon, uniq_maurice, uniq_prince_ribbit1
D:9:      minmay_recursive_quarters, layout_long_grid,
          nicolae_overflow_hidden_temple, okawaru_humans,
          mrwooster_statue_mirror, lightli_church_of_beogh

Skill      XL: |  1  2  3  4  5  6  7  8  9 10 11 |
---------------+----------------------------------+-----
Conjurations   | 5 6 7 8 10 11 12 13 | 13.7
Hexes          | 1 2 |  2.0
Fighting       | 2 |  2.0
Spellcasting   | 4 5 |  5.2
Poison Magic   | 6 9 10 | 10.0
Shields        | 2 |  2.0
Invocations    | 2 |  2.6
Dodging        | |  1.7
Stealth        | |  1.7

Action                   |  1- 3 |  4- 6 |  7- 9 | 10-12 || total
-------------------------+-------+-------+-------+-------++-------
Melee: Unarmed           |     4 |       |       |       ||     4
       Short sword       |    10 |       |    38 |       ||    48
       Tailslap          |     1 |       |     6 |    15 ||    22
       Rapier            |       |       |    21 |   116 ||   137
 Cast: Magic Dart        |    44 |    43 |    76 |    33 ||   196
       Searing Ray       |     4 |    10 |    64 |    24 ||   102
       Iskenderun's Myst |       |       |    10 |    22 ||    32
       Dazzling Flash    |       |       |     3 |    11 ||    14
       Poisonous Vapours |       |       |     8 |    29 ||    37
       Olgreb's Toxic Ra |       |       |     1 |    11 ||    12
 Abil: Breathe Noxious F |       |       |    14 |    10 ||    24
Evoke: Wand              |       |     1 |       |       ||     1
  Use: Scroll            |     5 |     5 |    14 |    10 ||    34
       Potion            |     1 |       |     1 |    14 ||    16
 Stab: Invisible         |       |       |     1 |     1 ||     2
       Fleeing           |       |       |     1 |       ||     1
       Confused          |       |       |       |     2 ||     2
Armor: Skin              |     7 |     4 |    50 |    86 ||   147
Dodge: Dodged            |    19 |    10 |   118 |   118 ||   265
Block: Buckler           |       |       |    22 |    49 ||    71

Table legend: (Time is in decaauts)
 A = Elapsed time spent in this place.
 B = Non-inter-level travel time spent in this place.
 C = Inter-level travel time spent in this place.
 D = Time resting spent in this place.
 E = Time spent auto-exploring this place.
 F = Levels seen in this place.
 G = Mean time per level.
                   A        B        C        D        E       F      G
               +--------+--------+--------+--------+--------+-----+--------+
         Total |  15329 |  14775 |    554 |   6410 |   6311 |  10 | 1532.9 |
       Dungeon |  13738 |  13184 |    554 |   5796 |   5513 |   9 | 1526.4 |
         Sewer |   1591 |   1591 |      0 |    614 |    797 |   1 | 1591.0 |
               +--------+--------+--------+--------+--------+-----+--------+

Top non-repeatable levels by time:
     D:8: 2993 daAuts
     D:7: 2531 daAuts
     D:5: 2277 daAuts
   Sewer: 1591 daAuts
     D:3: 1301 daAuts
     D:4: 1237 daAuts
     D:2: 1214 daAuts
     D:1: 1165 daAuts
     D:6: 906 daAuts
     D:9: 110 daAuts
